 Dungeon Crawl Stone Soup version 0.19.0-19-g8c6edcc (console) character file.

273 2d6 the Ducker (level 6, -2/45 HPs)
             Began as a Felid Monk on Nov 13, 2016.
             Was a Priest of Trog.
             Slain by a gnoll
             ... wielding a +0 halberd
              (10 damage)
             ... on level 4 of the Dungeon.
             The game lasted 00:14:00 (3519 turns).

2d6 the Ducker (Felid Monk)                         Turns: 3519, Time: 00:14:01

Health: -2/45      AC:  2    Str: 14    XL:     6   Next: 2%
Magic:  7/7        EV: 23    Int: 11    God:    Trog [***...]
Gold:   114        SH:  0    Dex: 21    Spells: 0 memorised, 5 levels left
                                        Lives:  0   Deaths: 1

rFire  . . .     SeeInvis +       - Unarmed
rCold  . . .     Gourm    .     (armour unavailable)
rNeg   . . .     Faith    .     (shield unavailable)
rPois  .         Spirit   .     (helmet unavailable)
rElec  +         Reflect  .     (cloak unavailable)
rCorr  .         Harm     .     (gloves unavailable)
MR     ++...                    (boots unavailable)
Stlth  ..........               (no amulet)
                                (no ring)
                                (no ring)

@: berserking (expiring), regenerating, very quick
A: no armour, no weapons or thrown items, stealth, claws 1, fangs 3, see
invisible, agile 1, carnivore 3, speed 1, robust 1, shaggy fur 2, electricity
resistance, slow metabolism 1, sharp paws
a: Berserk, Trog's Hand, Burn Spellbooks, Renounce Religion


You were on level 4 of the Dungeon.
You worshipped Trog.
Trog was most pleased with you.
You were full.

You visited 1 branch of the dungeon, and saw 4 of its levels.

You collected 114 gold pieces.

Inventory:

Scrolls
 b - a scroll of enchant weapon
 c - a scroll of blinking
 d - a scroll of random uselessness {unknown}
 e - 3 scrolls of identify
 g - 2 scrolls of amnesia {unknown}
 j - 2 scrolls of remove curse {unknown}
 l - a scroll of fear {unknown}
 q - a scroll of immolation {unknown}
 r - 2 scrolls of teleportation {unknown}
 s - a scroll of enchant armour {unknown}
 w - a scroll of fog {unknown}
Potions
 h - 2 potions of agility {unknown}
 i - 3 potions of curing {unknown}
 m - 2 potions of might {unknown}
 n - a potion of brilliance {unknown}
 o - a potion of haste {unknown}
 p - a potion of mutation
 t - 2 potions of lignification {unknown}
 u - a potion of cancellation {unknown}
 v - a potion of flight {unknown}
Comestibles
 a - 3 meat rations
 f - 2 beef jerkies
 x - a slice of pizza


   Skills:
 + Level 4.2 Fighting
 + Level 6.2 Dodging
 + Level 5.2 Stealth
 + Level 4.6 Unarmed Combat


You had 5 spell levels left.
You didn't know any spells.

Dungeon Overview and Level Annotations

Branches:
Dungeon (4/15)
 Temple: D:4-7

Altars:
Makhleb
Trog


Innate Abilities, Weirdness & Mutations

You cannot wear armour.
You are incapable of wielding weapons or throwing items.
Your paws allow you to move quietly. (Stealth)
You have sharp claws.
You have razor-sharp teeth.
You have supernaturally acute eyesight. (SInv)
You are carnivorous and can eat meat at any time.
You cover ground quickly.
You are covered in thick fur. (AC +2)
You have a slow metabolism.
Your sharp claws are effective at attacking unaware monsters.
You are agile. (Dex +2)
You are robust. (+10% HP)
You are resistant to electric shocks. (rElec)


Message History

The gnoll misses you. x2
You scratch the gnoll.
You feel the power of Trog in you as your rage grows.
You kill the gnoll!
Trog accepts your kill.
You have reached level 6!
Your experience leads to an increase in your attributes!
Your base attributes are Str 8, Int 11, Dex 19.
Increase (S)trength, (I)ntelligence, or (D)exterity?
You feel stronger.
Your fur grows into a thick mane.
The gnoll misses you. The gnoll barely misses you.
The gnoll completely misses you.
You completely miss the gnoll. The gnoll hits you but does no damage.
The gnoll completely misses you.
You scratch the gnoll.
The gnoll is heavily wounded.
The gnoll misses you. The gnoll closely misses you.
The gnoll hits you from afar with a halberd!
You die...

#.###..# #...#.####
...<.....# . ..Sa..##.#
#####.. ##.......#
#....... #..$.#....###
##...#..#
##.##.........##..g...#
#..#
###........).go.###.
..## ####..†@gg.#....
... ###(..gg....(. ...#
#..(.......... ...#
#.#.##..#.### ...#
#...##.#..# $...
##.##..##..#.## ...#
............#
#.....###.###
#...........#


You could see 6 gnolls and an orc.

Vanquished Creatures
  An orc priest (D:3)
  A centaur skeleton (D:4)
  A gnoll shaman (D:4)
  Jessica (D:2)
  3 worker ants (D:4)
  A hound skeleton (D:4)
  2 gnolls (D:4)
  4 adders
  An ooze (D:1)
  3 worms (D:3)
  A dart slug (D:3)
  3 leopard geckos
  11 orcs (D:3)
  4 giant cockroaches
  12 goblins
  8 hobgoblins
  8 jackals
  A quokka (D:2)
  2 ball pythons
  5 bats
  4 frilled lizards
  6 kobolds
  41 rats
124 creatures vanquished.

Notes
Turn   | Place    | Note
-------+----------+-------------------------------------------
     0 | D:1      | 2d6 the Felid Monk began the quest for the Orb.
     0 | D:1      | Reached XP level 1. HP: 10/10 MP: 2/2
    73 | D:1      | Reached XP level 2. HP: 5/14 MP: 3/3
   928 | D:1      | Reached XP level 3. HP: 16/17 MP: 4/4
   979 | D:1      | Reached skill level 5 in Dodging
  1527 | D:2      | Found a bloodstained altar of Trog.
  1535 | D:2      | Became a worshipper of Trog the Wrathful
  1535 | D:2      | Reached * piety under Trog
  1535 | D:2      | Reached ** piety under Trog
  1679 | D:2      | Noticed Jessica
  1681 | D:2      | Killed Jessica
  1681 | D:2      | Reached XP level 4. HP: 21/21 MP: 5/5
  2949 | D:3      | Reached XP level 5. HP: 24/24 MP: 6/6
  2977 | D:3      | Reached *** piety under Trog
  3188 | D:3      | Found a burning altar of Makhleb.
  3266 | D:4      | Slain by an adder
  3267 | D:4      | Reached XP level 4. HP: 0/22 MP: 5/5
  3293 | D:4      | Gained mutation: You are resistant to electric shocks. (rElec) [potion of mutation]
  3293 | D:4      | Gained mutation: You are robust. (+10% HP) [potion of mutation]
  3293 | D:4      | Gained mutation: You are agile. (Dex +2) [potion of mutation]
  3314 | D:4      | Reached XP level 5. HP: 13/27 MP: 6/6
  3481 | D:4      | Reached skill level 6 in Dodging
  3511 | D:4      | Reached skill level 5 in Stealth
  3517 | D:4      | Gained mutation: You are covered in thick fur. (AC +2) [Felid growth]
  3517 | D:4      | Reached XP level 6. HP: 6/30 MP: 7/7
  3519 | D:4      | Slain by a gnoll

Skill      XL: |  1  2  3  4  5 |
---------------+----------------+-----
Dodging        | 5 6 |  6.2
Stealth        | 3 5 |  5.2
Unarmed Combat | 4 |  4.6
Fighting       | 4 |  4.2

Action                   |  1- 3 |  4- 6 || total
-------------------------+-------+-------++-------
Melee: Unarmed           |   110 |   199 ||   309
       Bite              |     8 |    15 ||    23
       Punch             |       |     3 ||     3
Invok: Berserk           |       |     4 ||     4
       Trog's Hand       |       |     1 ||     1
  Use: Scroll            |     2 |     1 ||     3
       Potion            |       |     1 ||     1
 Stab: Sleeping          |    10 |    18 ||    28
  Eat: Chunk             |     9 |     9 ||    18
Armor: Skin              |     3 |     2 ||     5
Dodge: Dodged            |    90 |   193 ||   283
